 Dungeon Crawl Stone Soup version 0.26.1-2-gb8aa6d0cf2 (webtiles) character file.

Game seed: 5890065476397901715

542 sking99 the Ruffian (level 7, 35/41 HPs)
             Began as a Gargoyle Transmuter on Feb 19, 2021.
             Was an Initiate of Ashenzari.
             Quit the game on level 5 of the Dungeon.
             The game lasted 00:07:53 (5179 turns).

sking99 the Ruffian (Gargoyle Transmuter)           Turns: 5179, Time: 00:07:54

Health: 35/41      AC: 16    Str: 15    XL:     7   Next: 27%
Magic:  10/10      EV:  2    Int: 14    God:    Ashenzari [......]
Gold:   196        SH:  9    Dex: 10    Spells: 7/10 levels left

rFire    . . .     SeeInvis +     - Unarmed
rCold    . . .     Faith    .   k - +0 kite shield
rNeg     + . .     Spirit   .   p - +0 plate armour (curse)
rPois    ∞         Reflect  .   (no helmet)
rElec    +         Harm     .   (no cloak)
rCorr    .         Rampage  .   (no gloves)
Will     .....                  b - +1 pair of boots (curse)
Stlth    ..........             t - amulet of regeneration
HPRegen  0.53/turn              c - ring of see invisible (curse)
MPRegen  0.12/turn              (no ring)

@: no status effects
A: negative energy resistance 1, electricity resistance, unbreathing,
petrification resistance, miasma immunity, AC +4
a: Renounce Religion, Curse Item


You were on level 5 of the Dungeon.
You worshipped Ashenzari.
Ashenzari was noncommittal.
You visited 1 branch of the dungeon, and saw 5 of its levels.

You collected 232 gold pieces.
You spent 36 gold pieces at shops.

Inventory:

Missiles
 o - a throwing net
Armour
 b - a cursed +1 pair of boots (worn)
 k - a +0 kite shield (worn)
 p - a cursed +0 plate armour (worn)
Magical Staves
 a - an uncursed staff of earth
Jewellery
 c - a cursed ring of see invisible (left hand)
 t - an amulet of regeneration (around neck)
Scrolls
 e - a scroll of magic mapping
 f - 2 scrolls of teleportation
 j - a scroll of fog
Potions
 d - 3 potions of brilliance
 g - 2 potions of ambrosia {unknown}
 h - a potion of degeneration {unknown}
 i - a potion of flight {unknown}
 m - a potion of magic {unknown}
 q - 3 potions of attraction
 s - 3 potions of curing


   Skills:
 - Level 3.2 Fighting
 - Level 1.5 Dodging
 * Level 4.6 Shields
 + Level 6.0 Unarmed Combat
 - Level 2.0 Spellcasting
 - Level 1.5 Transmutations


You had 7 spell levels left.
You knew the following spells:

 Your Spells              Type           Power        Failure   Level
a - Beastly Appendage     Tmut           10%          100%        1
b - Wereblood             Tmut           5%           100%        2

Your spell library contained the following spells:

 Spells                   Type           Power        Failure   Level
 Animate Skeleton         Necr           2%           100%        1
 Pain                     Necr           4%           100%        1
 Spider Form              Tmut/Pois      1%           100%        3
 Vampiric Draining        Necr           0%           100%        3
 Animate Dead             Necr           0%           100%        4
 Ice Form                 Ice/Tmut       3%           100%        4
 Agony                    Necr           1%           100%        5
 Blade Hands              Tmut           2%           100%        5


Dungeon Overview and Level Annotations

Branches:
Dungeon (5/15)
 Temple: D:4-7

Altars:
Ashenzari
Hepliaklqana
Nemelex Xobeh
Trog

Shops:
D:4 !

Annotations:
D:4 2 runed translucent doors, Jaiteiro's ghost, amateur GnWn


Innate Abilities, Weirdness & Mutations

You are resistant to torment.
Your stone body is resilient. (AC +4)
You are immune to poison.
You resist negative energy. (rN+)
You are resistant to electric shocks. (rElec)
You can survive without breathing.
You are immune to petrification.
You are immune to miasma.


Message History

Found a +0 leather armour.
You see here a +0 leather armour.
An iguana comes into view.
The iguana hisses angrily.
An iguana is nearby!
An iguana is nearby!
An iguana is nearby!
You closely miss the iguana.
The iguana bites you but does no damage.
You barely miss the iguana.
The iguana bites you but does no damage.
You closely miss the iguana. The iguana bites you!
You barely miss the iguana. The iguana bites you.
You punch the iguana!
The iguana is moderately wounded.
The iguana bites you but does no damage.
You hit the iguana.
The iguana is severely wounded.
The iguana bites you but does no damage.
Are you sure you want to abandon this character and quit the game? (Confirm with "yes".)

......)........#*,#####.#***
......†........',,* *,#
†..............#*##****,*
.........########..,,,*,*
.........##...[.#.#**,*,*
##+#.....##.###.#.# *,*,*
*,#.###.##.# #.#.# *,*,*
*...# #.##.###.#l# *,*,*
###### #.##.....@.# *,*,* §#
#....####### *,*,* ## ######
*,*,* *,*,* *,,,* *****


You could see an iguana.

Vanquished Creatures
  Sigmund (D:3)
  An orc wizard (D:3)
  Natasha (thrice) (D:3)
  2 worker ants (D:4)
  8 adders
  4 gnolls
  An ooze (D:1)
  3 dart slugs
  2 leopard geckos
  15 orcs
  9 bats
  6 giant cockroaches
  7 goblins
  6 hobgoblins
  6 jackals
  16 kobolds
  2 quokkas (D:5)
  A ball python (D:3)
  6 frilled lizards
  A leopard gecko skeleton (D:4)
  A quokka skeleton (D:4)
  8 rats
109 creatures vanquished.

Vanquished Creatures (others)
  A quokka zombie (D:5)
  8 plants (D:2)
9 creatures vanquished.

Grand Total: 118 creatures vanquished

Notes
Turn   | Place    | Note
-------+----------+-------------------------------------------
     0 | D:1      | sking99 the Gargoyle Transmuter began the quest for the
                  | Orb.
     0 | D:1      | Reached XP level 1. HP: 12/12 MP: 3/3
    71 | D:1      | Reached XP level 2. HP: 16/16 MP: 5/5
   461 | D:1      | Reached XP level 3. HP: 16/21 MP: 3/6
   690 | D:1      | Reached skill level 4 in Unarmed Combat
  1089 | D:1      | Learned a level 2 spell: Wereblood
  1217 | D:2      | Found a bloodstained altar of Trog.
  1229 | D:2      | Reached XP level 4. HP: 18/27 MP: 7/7
  1932 | D:2      | Reached XP level 5. HP: 31/32 MP: 8/8
  2085 | D:2      | Reached skill level 5 in Unarmed Combat
  2453 | D:3      | Found a broken altar of Ashenzari.
  2462 | D:3      | Became a worshipper of Ashenzari the Shackled
  2591 | D:3      | Noticed Sigmund
  2616 | D:3      | Killed Sigmund
  2617 | D:3      | Reached XP level 6. HP: 25/37 MP: 9/9
  2719 | D:3      | Found a sparkling altar of Nemelex Xobeh.
  3252 | D:3      | Noticed Natasha
  3260 | D:3      | Killed Natasha
  3497 | D:3      | Found a broken altar of Ashenzari.
  3568 | D:3      | Found a sparkling altar of Nemelex Xobeh.
  3581 | D:3      | Noticed Natasha
  3589 | D:3      | Killed Natasha
  3590 | D:3      | Reached XP level 7. HP: 41/41 MP: 10/10
  3873 | D:3      | Noticed Natasha
  3888 | D:3      | Killed Natasha
  4203 | D:4      | Found a hazy altar of Hepliaklqana.
  4346 | D:4      | Found a large runed translucent door.
  4346 | D:4      | Found a large runed translucent door.
  4371 | D:4      | Noticed Jaiteiro's ghost (amateur GnWn)
  4378 | D:4      | Reached skill level 6 in Unarmed Combat
  4779 | D:4      | Found Laimetah's Distillery.
  4787 | D:4      | Bought a potion of curing for 36 gold pieces
  5045 | D:5      | Entered Level 5 of the Dungeon
  5179 | D:5      | Quit the game

Illustrated notes

Levels and vault maps discovered:
D:1:      saegor_arrival_miasma, layout_basic, hangedman_decor_push,
          minmay_octomino_e4
D:2:      layout_rooms, overflow_temple_1_default,
          hangedman_abyss_or_decor_lesser_grid, lexackson_kobold_supper
D:3:      layout_loops_cross, nicolae_overflow_crystal_walls,
          nicolae_overflow_hidden_temple, uniq_sigmund, uniq_natasha
D:4:      layout_loops_corners, kennysheep_little_box,
          ebering_ghost_disaster_area, serial_shops, shop
D:5:      layout_basic, elyvilon_altar_4, serial_shops, kennysheep_mini

Skill      XL: |  1  2  3  4  5  6  7 |
---------------+----------------------+-----
Fighting       | 2 3 |  3.2
Unarmed Combat | 4 5 6 |  6.0
Shields        | 3 4 |  4.6
Dodging        | |  1.5
Spellcasting   | |  2.0
Transmutations | |  1.5

Action                   |  1- 3 |  4- 6 |  7- 9 || total
-------------------------+-------+-------+-------++-------
Melee: Unarmed           |   128 |   261 |    91 ||   480
       Kick              |    12 |     4 |       ||    16
       Headbutt          |     4 |     4 |       ||     8
       Punch             |     1 |     3 |       ||     4
 Cast: Beastly Appendage |     6 |     4 |       ||    10
Invok: Curse Item        |       |     3 |       ||     3
  Use: Scroll            |       |       |    11 ||    11
Armor: Robe              |    43 |    26 |       ||    69
       Plate armour      |       |   134 |    60 ||   194
Dodge: Dodged            |   100 |    70 |     8 ||   178
Block: Kite shield       |       |    55 |    43 ||    98
